[Event "*** Titled Tuesday Blitz"]
[Site "Chess.com"]
[Date "2020.11.03"]
[Round "6"]
[White "Morshynska"]
[Black "Ajedrez_con_German"]
[Result "0-1"]
[WhiteElo "2249"]
[BlackElo "2475"]
[TimeControl "180+1"]
[EndTime "11:11:48 PST"]
[Termination "Ajedrez_con_German won by resignation"]

1. Nf3 d5 2. g3 c6 3. Bg2 Nf6 4. O-O Bf5 5. d3 e6 6. Nh4 Bg6 7. Nxg6 hxg6 8. e4 dxe4 9. dxe4 Qxd1 10. Rxd1 Be7 11. h3 Nbd7 12. Be3 Bc5 13. Bxc5 Nxc5 14. Nd2 Ke7 15. e5 Nd5 16. Nc4 Rad8 17. Rd2 Rd7 18. Rad1 Rhd8 19. a3 Nb6 20. Rxd7+ Rxd7 21. Rxd7+ Ncxd7 22.
Nxb6 axb6 23. f4 g5 24. Kf2 gxf4 25. gxf4 b5 26. Ke3 Nb6 27. b3 Kd7 28. Kd4 Kc7 29.
h4 g6 30. Bf3 Kd7 31. h5 gxh5 32. Bxh5 Ke7 33. Bf3 f6 34. Bg2 fxe5+ 35. Kxe5 Nd7+ 36. Kd4 Kd6 37. Bh3 Nf6 38. c4 bxc4 39. bxc4 b6 40. a4 c5+ 41. Ke3 Nd7 42. Bg2 Nf8 43. Be4 Nd7 44. Bc2 Nb8 45. Be4 Na6 46. Kf3 Nb4 47. f5 exf5 48. Bxf5 Ke5 49. Bd7 Kd4 50. Bb5 Nd3 51. Kg4 Nb2 52. Kf5 Nxc4 53. Ke6 Na5 54. Kd7 c4 55. Bxc4 Kxc4 56. Kc7 Kc5 57. Kb8 Nc4 58. Kb7 Kb4 59. Kc6 Kxa4 60. Kd5 Kb4 61. Kc6 b5 62. Kd5 Kc3 63. Kc5 b4 64. Kd5 b3 65. Kc5 b2 66. Kd5 b1=Q 67. Kc5 Qb6+ 68. Kd5 Qd6+ 69. Ke4 Qe5+ 70. Kf3 Kd3 71. Kg4 Qf6 72. Kg3 Qf5 73. Kg2 Qf4 74. Kh3 Qg5 0-1

[Event "*** Titled Tuesday Blitz"]
[Site "Chess.com"]
[Date "2020.11.03"]
[Round "6"]
[White "kingofthenil"]
[Black "Kildepiotr"]
[Result "0-1"]
[WhiteElo "2484"]
[BlackElo "2653"]
[TimeControl "180+1"]
[EndTime "11:11:50 PST"]
[Termination "Kildepiotr won on time"]

1. e4 g6 2. d4 Bg7 3. Nc3 c6 4. h4 h5 5. Bc4 b5 6. Bb3 b4 7. Qf3 Nf6 8. Nce2 d5 9. e5 Ng4 10. Bg5 f6 11. exf6 exf6 12. Bd2 a5 13. a3 bxa3 14.
Rxa3 O-O 15. Nh3 Bf5 16. O-O Nd7 17. Ng3 Be6 18. Nf4 Bf7 19. Rfa1 Qb6 20. Qd3 f5 21. Nge2 a4 22. Rxa4 Rxa4 23. Rxa4 Re8 24. Ra6 Qb7 25. Ra1 Nb6 26. f3 Nf6 27. Qa6 Qxa6 28. Rxa6 Nfd7 29.
Kf2 Rb8 30. Ra7 Nf6 31. Nc1 Ne8 32. Bc3 Nd6 33. Ncd3 Nb5 34. Re7 Nxd4 35. Ne5 Bxe5 36. Rxe5 Nb5 37. Re7 Nxc3 38. bxc3 Re8 39. Rxe8+ Bxe8 40.
Ke3 Kf7 41. Kd4 Nd7 42. Ba4 Nf6 43. Kc5 Nd7+ 44. Kd6 Nb6 45. Bxc6 Nc4+ 46. Kxd5 Ne3+ 47. Kd6 Bxc6 48. Kxc6 Nxc2 49. c4 Kf6 50. Kd6 g5 51. Nd5+ Kg6 52. hxg5 Kxg5 53. c5 Nd4 54. c6 Kh4 55. c7 Nb5+ 56. Ke5 Nxc7 57. Nxc7 Kg3 58. Kxf5 Kxg2 59. f4 h4 60. Nd5 h3 61. Ne3+ Kg3 62.
Ng4 Kh4 63. Nh2 Kg3 64. Ng4 Kh4 65. Nf2 h2 66. Nh1 Kh3 67. Nf2+ Kg2 0-1

[Event "*** Titled Tuesday Blitz"]
[Site "Chess.com"]
[Date "2020.11.03"]
[Round "6"]
[White "WiktoriaPOL"]
[Black "AniJak"]
[Result "1/2-1/2"]
[WhiteElo "2090"]
[BlackElo "2300"]
[TimeControl "180+1"]
[EndTime "11:11:50 PST"]
[Termination "Game drawn by agreement"]

1. c4 e5 2. Nc3 Nc6 3. Nf3 g6 4. d4 exd4 5. Nxd4 Bg7 6. Nc2 Nge7 7. g3 O-O 8. Bg2 d6 9. O-O Be6 10. Nd5 Ne5 11. Nce3 c6 12. Nxe7+ Qxe7 13. Qc2 f5 14. Rb1 Rad8 15. b3 Ng4 16. Nxg4 fxg4 17. Bb2 d5 18. Bxg7 Qxg7 19. cxd5 Bxd5 20. Bxd5+ Rxd5 21. Rbd1 Rdf5 22. Qc4+ Qf7 23. Qxf7+ R8xf7 24. Rd4 h5 25. Kg2 Kg7 26. f3 gxf3+ 27. exf3 Ra5 28. Rf2 Re7 29. Rfd2 Kf7 30.
f4 a6 31. Kf3 Rc5 32. Rd7 Rc3+ 33. Kf2 Rc1 34. Rxe7+ Kxe7 35. h3 Rh1 36. Kg2 Rc1 37. g4 hxg4 38. hxg4 Rc3 39. Kf2 a5 40. Re2+ Kf7 41.
Rd2 b5 42. Re2 a4 43. bxa4 bxa4 44. Rd2 c5 45. Rd7+ Ke6 46. Rd2 Rc4 47. Kf3 Rc3+ 48. Ke4 Rc4+ 49. Kf3 Rb4 50. Rc2 Kd5 51. f5 gxf5 52. gxf5 a3 53. f6 Ke6 54. Rxc5 Rb2 55.
Ra5 Rxa2 56. Ke3 Kxf6 57. Kd3 Ke6 58. Kc4 Kd6 59. Kb3 Ra1 60. Rxa3 Rb1+ 61. Kc2 Rh1 62. Rd3+ Kc5 63. Rd1 Rh2+ 64. Rd2 Rh3 65. Rd3 Rh4 66. Rc3+ Kb4 67. Rb3+ Ka4 68. Rc3 Rh2+ 69. Kd3 Rh3+ 70. Kd4 Rh4+ 71. Kd5 Kb4 72. Rd3 Rh8 73. Rd4+ Kb5 74.
Ke4 Re8+ 75. Kd3 Rh8 76. Re4 Kc5 77. Re5+ Kd6 78. Re4 Kd5 79. Ra4 Rh3+ 80. Kd2 Kc5 81. Ke2 1/2-1/2

[Event "*** Titled Tuesday Blitz"]
[Site "Chess.com"]
[Date "2020.11.03"]
[Round "6"]
[White "MoreChessJulia"]
[Black "emiliochess"]
[Result "1-0"]
[WhiteElo "2075"]
[BlackElo "2233"]
[TimeControl "180+1"]
[EndTime "11:11:53 PST"]
[Termination "MoreChessJulia won by checkmate"]

1. d4 d5 2. c4 c6 3. Nf3 Nf6 4. Nc3 e6 5. e3 Nbd7 6. Bd3 Be7 7.
a3 b6 8. e4 dxe4 9. Nxe4 Nxe4 10. Bxe4 Bb7 11. b4 c5 12. Bxb7 Rb8 13. Bc6 O-O 14. dxc5 Nf6 15. Qxd8 Rfxd8 16. O-O bxc5 17. b5 h6 18. h3 Rd3 19. Be3 g5 20. Rfd1 Rc3 21.
Rdc1 Rd3 22. Kf1 g4 23. hxg4 Nxg4 24. Ke2 Rd6 25. Rd1 Rxc6 26. bxc6 Rb2+ 27. Rd2 Rb6 28. Rd7 Bf6 29. Rad1 Rxc6 30. Rxa7 Rb6 31. Rdd7 Rb2+ 32. Nd2 Ne5 33. Rdb7 Rc2 34. Kd1 Ra2 35. Bxc5 Bg5 36. Be3 Bf6 37. Bxh6 Kh7 38. Be3 Kg6 39. Bd4 Bg5 40.
Be3 Bf6 41. Rb5 Nd3 42. g4 Nb2+ 43. Ke2 Nxc4 44. g5 Bc3 45. Kd3 Nxd2 46. Kxc3 Ne4+ 47. Kd3 Nd6 48. Rb3 Kf5 49. Ra5+ Kg6 50. Rb6 Nf5 51.
Rb7 Nd6 52. Rd7 Nf5 53. Raa7 e5 54. Rxf7 e4+ 55. Kc3 Ra1 56. Rf6+ Kh5 57. Rxf5 Kg4 58. Re5 Kf3 59. Rf7+ Ke2 60. Rd5 Ke1 61. Rd4 Ke2 62.
Kb4 Rb1+ 63. Ka5 Rb8 64. Ra7 Kf3 65. a4 Ke2 66. Ka6 Kf3 67. Rb4 Rc8 68. Rab7 Ra8+ 69.
Kb6 Ke2 70. a5 Kf3 71. a6 Kg4 72. a7 Kf5 73. Rb8 Rxa7 74. Kxa7 Kg6 75. R4b6+ Kh5 76.
Rh8+ Kg4 77. g6 Kf3 78. g7 Ke2 79. Rh3 Kd3 80. g8=Q Ke2 81. Qc4+ Kd1 82. Rb1# 1-0

[Event "*** Titled Tuesday Blitz"]
[Site "Chess.com"]
[Date "2020.11.03"]
[Round "6"]
[White "pedroholly22"]
[Black "lelya96"]
[Result "1-0"]
[WhiteElo "2379"]
[BlackElo "2211"]
[TimeControl "180+1"]
[EndTime "11:11:54 PST"]
[Termination "pedroholly22 won by resignation"]

1. e4 e5 2. Nf3 Nc6 3. Bb5 a6 4. Ba4 Nf6 5. O-O b5 6. Bb3 Bc5 7. Nxe5 Nxe5 8. d4 Bxd4 9. Qxd4 d6 10. f4 Nc6 11. Qc3 Bb7 12. e5 Ne4 13. Qh3 O-O 14.
e6 fxe6 15. Qxe6+ Kh8 16. Qxe4 Qf6 17. Qe6 Qh4 18. Qe1 Qf6 19. Nc3 Rae8 20. Qf2 Nd4 21. Bd2 Qg6 22. Kh1 b4 23. Bd5 Bxd5 24. Nxd5 Re2 25. Qg3 Qxg3 26. hxg3 Rxd2 27. Nxc7 Rxc2 28. Nxa6 Rxb2 29. Rab1 Rxa2 30. Nxb4 Ra3 31. Kh2 Ne2 32. Rf3 Rxf3 33. gxf3 Nd4 34. Kg2 Re8 35. Rd1 Nb5 36.
Rd2 h5 37. Nc6 Nc3 38. Nd4 Re3 39. Nf5 Re6 40. Nxd6 Ne2 41. Nf5 Kh7 42. Nh4 Nc3 43. Kf2 Nb5 44. Nf5 Rf6 45. Ne3 Nc3 46. Rc2 Nb5 47. Nd5 Rd6 48. Ne3 Nd4 49. Rd2 Nb5 50. Rb2 Nd4 51. Ng2 Nf5 52. Rb5 g6 53. Rb2 Nd4 54. Rd2 Nf5 55. Rxd6 Nxd6 56. Ne3 Nf7 57. Ke2 Kh6 58. Kd3 Nd6 59. Kd4 Nb5+ 60. Kc5 Nc3 61. Nf1 Ne2 62. Kc4 h4 63. Kd3 Nxg3 64.
Nxg3 hxg3 65. Ke2 Kh5 66. Kf1 g5 67. f5 Kh6 68. Kg2 Kg7 69. Kxg3 Kf6 70. Kg4 Ke5 71. Kxg5 Kd6 72. f6 Ke6 73. Kg6 Ke5 74. Kg7 1-0

[Event "*** Titled Tuesday Blitz"]
[Site "Chess.com"]
[Date "2020.11.03"]
[Round "6"]
[White "arminmusovic"]
[Black "GMaka"]
[Result "0-1"]
[WhiteElo "2556"]
[BlackElo "2409"]
[TimeControl "180+1"]
[EndTime "11:11:57 PST"]
[Termination "GMaka won by checkmate"]

1. a3 e5 2. Nc3 d5 3. d4 e4 4. Bf4 c6 5. f3 f5 6. Nh3 Bd6 7. Qd2 Ne7 8. O-O-O O-O 9. e3 Ng6 10.
Bxd6 Qxd6 11. f4 b5 12. Rg1 a5 13. Be2 b4 14. Nb1 Ba6 15. g4 Nh4 16. gxf5 Bxe2 17. Qxe2 Nxf5 18. Rg4 Nd7 19. Rdg1 Nf6 20. Rg5 Qd7 21.
Qg2 Rf7 22. Qf2 Rb8 23. Qe1 Nxd4 24. f5 bxa3 25. Nxa3 Qb7 26. b3 Nxb3+ 27. cxb3 Qxb3 28.
Nc2 a4 29. Qg3 Rbb7 30. Qd6 h6 31. Rg6 Qb2+ 32. Kd2 a3 33. Qxa3 Qxa3 34. Nxa3 Rb2+ 35. Nc2 Rb3 36. Nf4 Kh7 37. Ne6 Rd3+ 38. Kc1 Ne8 39.
Ncd4 c5 40. Nxc5 Rc3+ 41. Kd2 Rxc5 42. h4 Ra5 43. Rc6 Nf6 44. Rc2 Ra3 45. Nb5 Rd3+ 46.
Ke2 h5 47. Nd6 Rd7 48. Nb7 Rxb7 49. Rc8 Ng4 50. Rgc1 Rb2+ 51. R8c2 Rxc2+ 52. Rxc2 Rxe3+ 53. Kd1 Rf3 54. Kc1 Rxf5 55. Rc8 Rf2 56. Kd1 e3 57. Ke1 d4 58. Rd8 Rg2 59. Rd5 Kg6 60. Rg5+ Kf6 61. Ra5 Rd2 62. Ra6+ Kf5 63. Ra7 Kf4 64. Rxg7 Kf3 65. Rf7+ Kg3 66. Rf5 d3 67. Rxh5 Re2+ 68.
Kd1 Nf2+ 69. Kc1 d2+ 70. Kc2 d1=Q+ 71. Kc3 Qd3+ 72. Kb4 Rc2 73. Rg5+ Kh3 74. h5 Qc3+ 75. Ka4 Rb2 76. Rb5 Rxb5 77. Kxb5 e2 78. h6 e1=Q 79. h7 Qb1+ 80. Ka6 Qca1# 0-1

[Event "*** Titled Tuesday Blitz"]
[Site "Chess.com"]
[Date "2020.11.03"]
[Round "6"]
[White "Oligan22"]
[Black "Artyom_ChessMate"]
[Result "1-0"]
[WhiteElo "2413"]
[BlackElo "2558"]
[TimeControl "180+1"]
[EndTime "11:12:03 PST"]
[Termination "Oligan22 won by resignation"]

1. e4 e5 2. Nf3 Nc6 3. Bb5 a6 4. Ba4 Nf6 5. O-O Be7 6. Re1 b5 7. Bb3 O-O 8. h3 d6 9. c3 Bb7 10. d4 Re8 11. Nbd2 Bf8 12. a3 h6 13. Ba2 g6 14. Qb3 Qe7 15. a4 Na5 16. Qc2 Bg7 17. b4 Nc6 18. Nh4 Kh7 19. d5 Nb8 20. axb5 axb5 21. Qd3 Nbd7 22. Bb2 Nb6 23. Bb3 Nfxd5 24. Nxg6 Nxb4 25. cxb4 fxg6 26. Qxb5 Rf8 27. Rxa8 Bxa8 28.
Rc1 Qg5 29. Qe2 Qe7 30. Nf1 Rf4 31. f3 d5 32. exd5 Qxb4 33. Bxe5 Rf7 34. Bxg7 Rxg7 35.
Qd3 Rd7 36. Ne3 Qf4 37. Bc2 Qg5 38. Rd1 Nxd5 39. h4 Qg3 40. h5 Nf6 41. Qxg6+ Qxg6 42.
Bxg6+ Kg7 43. Nf5+ Kf8 44. Rxd7 Nxd7 45. Nxh6 c5 46.
Nf5 c4 47. Ne3 c3 48. Nd1 Ne5 49. Nxc3 Nxg6 50. hxg6 Kg7 51. Kf2 Kxg6 52. Ke3 Kf5 53. Ne4 Ke5 54. Nc5 Kf5 55. Nd3 Bc6 56. Nf2 Kg5 57.
g3 Kf5 58. Ne4 Ba8 59. g4+ Ke5 60. f4+ Ke6 61. Kd4 Kf7 62. Ke5 Kg6 63. f5+ Kg7 64.
g5 Bc6 65. Nc5 Bb5 66. Ne6+ Kg8 67. Kf6 Bc4 68. Nd4 Ba2 69. Nf3 Bb1 70. Ne5 Kf8 71.
Ng6+ Kg8 72. Ne7+ Kf8 73. g6 Ba2 74. g7+ Ke8 75. g8=Q+ Bxg8 76. Nxg8 Kd7 77. Kg7 Kd6 1-0

[Event "*** Titled Tuesday Blitz"]
[Site "Chess.com"]
[Date "2020.11.03"]
[Round "6"]
[White "Shield12"]
[Black "machupichu10"]
[Result "0-1"]
[WhiteElo "2901"]
[BlackElo "2787"]
[TimeControl "180+1"]
[EndTime "11:12:06 PST"]
[Termination "machupichu10 won by resignation"]

1. e4 c6 2. d4 d5 3. exd5 cxd5 4.
Bd3 Nc6 5. c3 Qc7 6. h3 Nf6 7.
Nf3 g6 8. O-O Bg7 9. Qc2 O-O 10.
Re1 Nh5 11. Qe2 Nf4 12. Bxf4 Qxf4 13. Nbd2 Bf5 14. Bxf5 Qxf5 15. Nb3 Rfc8 16. a4 Qd7 17. a5 e6 18. a6 b6 19. Qb5 Rc7 20. Nc1 Re8 21. Nd3 f6 22. Rad1 Ne5 23. Qxd7 Nxf3+ 24. gxf3 Rxd7 25. Ra1 Kf7 26. Ra3 Bf8 27. Rb3 Rc8 28. Rb5 Rc4 29. Ra1 Rd8 30. Kf1 Bd6 31. Ke2 Ke7 32. Ne1 Kd7 33. Nc2 Rcc8 34. Ne3 Kc6 35. Rb3 b5 36. Nc2 Rb8 37. Kd3 Rb6 38. Nb4+ Kd7 39. Ra5 Rdb8 40. Nc2 g5 41. Na3 Kc6 42.
Nc2 Rg8 43. Ra1 Rg6 44. Nb4+ Kd7 45. Ra5 Rh6 46. Nc2 Kc6 47. Nb4+ Kc7 48. Nc2 Kc6 49.
Nb4+ Bxb4 50. cxb4 Rxh3 51. Rc3+ Kd6 52. Ke2 Rh4 53. Ke3 Rh1 54. Rc5 Rb1 55. Rcxb5 Rxb5 56. Rxb5 Ra1 57. Rb7 Rxa6 58. Rxh7 Rb6 59. Rxa7 Rxb4 60. Ra6+ Ke7 61. Ra7+ Ke8 62. Ra2 Rb3+ 63. Ke2 Kf7 64. Ra7+ Kg6 65. Ra2 Kf5 66. Kf1 Rxf3 67. Ke2 Rb3 68.
Kd2 Ke4 69. Kc2 Rb6 70. Kc3 Rc6+ 71. Kd2 Kxd4 72. b4 Rb6 73. Rb2 Kc4 74. Ke3 Rxb4 75. Rc2+ Kb5 76. Rc7 Kb6 77. Re7 Re4+ 78. Kd3 Kc6 79.
f3 Kd6 80. Re8 Ra4 81. Rd8+ Ke5 82. Rb8 Ra3+ 83. Ke2 d4 84. Rb5+ Kf4 85. Rb4 e5 0-1

[Event "*** Titled Tuesday Blitz"]
[Site "Chess.com"]
[Date "2020.11.03"]
[Round "6"]
[White "Evgeny81"]
[Black "SantoBlue"]
[Result "1-0"]
[WhiteElo "2735"]
[BlackElo "2883"]
[TimeControl "180+1"]
[EndTime "11:12:06 PST"]
[Termination "Evgeny81 won by checkmate"]

1. Nf3 g6 2. c4 Bg7 3. d4 Nf6 4. Nc3 d6 5. e4 O-O 6. Be2 e5 7.
Be3 Ng4 8. Bg5 f6 9. Bh4 Nc6 10. d5 Ne7 11. Nd2 Nh6 12. O-O Nf7 13. f3 f5 14. b4 g5 15. Bf2 f4 16. c5 h5 17. Nc4 Kh8 18. Rc1 Rg8 19. Nb5 a6 20. Nxc7 Qxc7 21. cxd6 Nxd6 22. Nb6 Qb8 23.
Nxa8 Qxa8 24. Rc7 Ng6 25. Qc2 g4 26. Rc1 gxf3 27. Bxf3 Bg4 28. Kh1 Qd8 29. Qe2 Qg5 30. Bc5 Nb5 31. Rxb7 Nd4 32. Bxd4 exd4 33. d6 Ne5 34.
Bxg4 f3 35. Qf1 Nxg4 36. Rc5 fxg2+ 37. Qxg2 Qh4 38. Qg3 Nf2+ 39. Qxf2 Qxe4+ 40. Qg2 Qe1+ 41. Qg1 Qe4+ 42. Qg2 Qe1+ 43. Qg1 Qe2 44. Rg5 Qe4+ 45. Qg2 Qb1+ 46. Qg1 Qe4+ 47. Qg2 Qh4 48. Re7 Rc8 49. Rgxg7 Rc1+ 50. Qg1 Rxg1+ 51. Kxg1 Qf4 52. d7 Qc1+ 53.
Kf2 Qd2+ 54. Kf3 Qd1+ 55. Kf4 Qc1+ 56. Ke5 Qc7+ 57. Kd5 Qb7+ 58. Kxd4 Qxb4+ 59. Kd5 Qb5+ 60. Kd6 Qb6+ 61. Ke5 Qc5+ 62. Kf4 Qf2+ 63. Kg5 Qg2+ 64. Kh6 Qd2+ 65. Kxh5 Qxh2+ 66. Kg5 Qd2+ 67. Kf5 Qd5+ 68. Kf6 Qd4+ 69. Ke6 Qe4+ 70. Kd6 Qb4+ 71. Kc6 Qb5+ 72. Kc7 Qc5+ 73. Kd8 Qb5 74. Ke8 Qc6 75. Rh7+ Kg8 76. Reg7# 1-0

[Event "*** Titled Tuesday Blitz"]
[Site "Chess.com"]
[Date "2020.11.03"]
[Round "6"]
[White "Vesper2018"]
[Black "woodhy"]
[Result "1/2-1/2"]
[WhiteElo "2611"]
[BlackElo "2476"]
[TimeControl "180+1"]
[EndTime "11:12:06 PST"]
[Termination "Game drawn - insufficient material"]

1. e4 e6 2. d4 d5 3. e5 c5 4. c3 Nc6 5. Nf3 Qb6 6. a3 c4 7. g3 Bd7 8. h4 Na5 9. Nbd2 Ne7 10.
Bh3 Nec6 11. O-O Be7 12. h5 Nb3 13. Nxb3 cxb3 14. Nd2 Na5 15. f4 Bb5 16. Rf3 Qa6 17. Bf1 Bxf1 18. Nxf1 O-O-O 19. Ne3 h6 20. f5 Bg5 21.
Ng4 Bxc1 22. Rxc1 Nc4 23. Qe2 Rhe8 24. f6 Rg8 25. fxg7 Rxg7 26. Nxh6 Rh8 27. Nxf7 Rxh5 28. Nd6+ Nxd6 29. Qxa6 bxa6 30. exd6 Kd7 31. Kg2 Rgh7 32. g4 Rh2+ 33. Kg3 Rxb2 34. c4 dxc4 35. Rxc4 Kxd6 36.
Rb4 Rd2 37. Rfxb3 Rhh2 38. Ra4 Rdg2+ 39. Kf4 Rf2+ 40. Kg5 Rd2 41. Rxa6+ Kd5 42. Rb4 Rxd4 43. Ra5+ Ke4 44. Rxa7 e5 45. Rd7 Ke3 46. Re7 e4 47. Rxd4 Kxd4 48. a4 e3 49. a5 Rh3 50.
Kg6 Kc5 51. g5 Kd6 52. Re8 Kd7 53. Re4 Kc6 54. Kg7 Kb5 55. Re5+ Ka6 56. g6 Rg3 57. Kf7 Rf3+ 58. Kg8 Rg3 59. g7 Rf3 60. Kh7 Rh3+ 61. Kg6 Rg3+ 62. Kf6 Rf3+ 63. Ke7 Rg3 64. Kf7 Rf3+ 65.
Kg8 Rg3 66. Kf8 Rf3+ 67. Ke7 Rg3 68. Kf7 Rf3+ 69. Ke6 Rg3 70. Kf6 Rf3+ 71. Rf5 Rxf5+ 72. Kxf5 e2 73. g8=Q e1=Q 74. Qd8 Qxa5+ 75. Qxa5+ Kxa5 1/2-1/2

[Event "*** Titled Tuesday Blitz"]
[Site "Chess.com"]
[Date "2020.11.03"]
[Round "6"]
[White "lelajavakhishvili"]
[Black "BanjoKazooieN64"]
[Result "1/2-1/2"]
[WhiteElo "2528"]
[BlackElo "2383"]
[TimeControl "180+1"]
[EndTime "11:12:10 PST"]
[Termination "Game drawn by repetition"]

1. d4 Nf6 2. c4 g6 3. Nf3 Bg7 4. g3 O-O 5. Bg2 d6 6. O-O c6 7.
Nc3 Qa5 8. e4 Qh5 9. Ng5 Qxd1 10. Rxd1 Na6 11. a3 Nd7 12. f4 Nb6 13. b3 c5 14. Be3 h6 15. Nf3 Bg4 16. Rac1 cxd4 17. Bxd4 Bxd4+ 18. Rxd4 Nc5 19. Nd2 a5 20. f5 gxf5 21.
h3 Ne6 22. Rd3 fxe4 23. Bxe4 Bh5 24. Bxb7 Rab8 25. Bg2 Nc5 26. Re3 Bg6 27. Nce4 Nbd7 28. Rcc3 Rb6 29. Nxc5 Nxc5 30. Rxe7 Rfb8 31. Ree3 Bf5 32.
g4 Be6 33. Bd5 Kg7 34. Kg2 Kf6 35. Kg3 Ke7 36. Kh4 Rg8 37. Ne4 Nxe4 38. Rxe4 Kd7 39. Rce3 Rg6 40. Bxe6+ fxe6 41. Kh5 Rf6 42. h4 Rb8 43. Rd3 Kc6 44. g5 hxg5 45. hxg5 Rh8+ 46. Kg4 Rg6 47. Rf3 Rhg8 48. Kf4 e5+ 49. Ke3 Rxg5 50.
Kd3 Rg3 51. Ree3 Rg1 52. Rf6 Rd1+ 53. Kc2 Rgg1 54. Rd3 Rxd3 55. Kxd3 Rg3+ 56. Kc2 Kc5 57. b4+ axb4 58. axb4+ Kxb4 59. Rxd6 Kxc4 60. Kd2 Ra3 61. Ke2 Kc5 62. Rd8 Rh3 63. Kd2 Kc4 64. Ke2 Kc5 65.
Rd7 Rh4 66. Ke3 Ra4 67. Rd8 Kc6 68. Rd1 Kc5 69. Rd8 Kc6 70. Rd1 Kc7 71. Rd2 Kc6 72.
Rd3 Rh4 73. Rd2 Kc5 74. Rd1 Rd4 75. Rxd4 exd4+ 76. Kd3 Kd5 77. Kd2 Kc4 78. Kc2 d3+ 79.
Kd2 Kd4 80. Kd1 Ke3 81. Ke1 Ke4 82. Kd2 Kd4 83. Kd1 Kc4 84. Kd2 Kd4 1/2-1/2

[Event "*** Titled Tuesday Blitz"]
[Site "Chess.com"]
[Date "2020.11.03"]
[Round "6"]
[White "tylityli"]
[Black "MattyDPerrine"]
[Result "0-1"]
[WhiteElo "2271"]
[BlackElo "2386"]
[TimeControl "180+1"]
[EndTime "11:12:12 PST"]
[Termination "MattyDPerrine won on time"]

1. d4 Nf6 2. c4 c5 3. d5 b5 4. Nd2 e6 5. e4 bxc4 6. Bxc4 exd5 7.
exd5 d6 8. Ngf3 Be7 9. O-O O-O 10. a4 a5 11. h3 Nbd7 12. b3 Nb6 13. Bb2 Nfxd5 14.
Ne4 Nxc4 15. bxc4 Nb6 16. Qb3 Be6 17. Rac1 f5 18. Ned2 Qd7 19. Qb5 Nxa4 20. Rfe1 Qxb5 21. cxb5 Nxb2 22. Rxe6 Kf7 23. Rce1 Rfe8 24. R6e2 a4 25. h4 a3 26. Nb3 Rab8 27. Ra1 Nc4 28. Nbd2 Nxd2 29.
Rxd2 Rxb5 30. Rxa3 Reb8 31. Ra7 R5b7 32. Ra6 Rb6 33. Ra7 R8b7 34. Ra8 Bf6 35. Rc8 Ke7 36. h5 Rd7 37. Rh8 h6 38. Rc8 Rbb7 39. Rc2 Rbc7 40. Ra8 d5 41. Kf1 c4 42. Ra4 c3 43. Ke2 d4 44.
Kd3 Ke6 45. Ra6+ Rd6 46. Ra4 Rcd7 47. g3 Rb6 48. Re2+ Kf7 49. Rc4 Rb2 50. Rxb2 cxb2 51.
Rb4 Rc7 52. Rxb2 Rc3+ 53. Kd2 Rxf3 54. Ke2 Ra3 55. Rd2 Ra7 56. Kf3 Re7 57. Kg2 Re4 58. Kf3 Re7 59. Kg2 Ke6 60. f4 Kd5 61. Kf3 Re3+ 62.
Kf2 Ke4 63. Ra2 Rf3+ 64. Kg2 Rc3 65. Re2+ Kd3 66. Re6 Rc2+ 67. Kf3 Re2 68. Rd6 Re3+ 69. Kf2 Kc3 70. Rd5 Rd3 71. Rxf5 Rd2+ 72. Kf3 d3 73.
Rc5+ Kb2 74. Rb5+ Kc1 75. Rc5+ Kd1 76. Rd5 Kc2 77. g4 Bc3 78. g5 hxg5 79. fxg5 Rh2 80. h6 gxh6 81. g6 Rh1 82. Rc5 Rg1 83. Rc6 Rg5 0-1

[Event "*** Titled Tuesday Blitz"]
[Site "Chess.com"]
[Date "2020.11.03"]
[Round "6"]
[White "VinzentSpitzl"]
[Black "lacafi"]
[Result "1/2-1/2"]
[WhiteElo "2321"]
[BlackElo "2097"]
[TimeControl "180+1"]
[EndTime "11:12:15 PST"]
[Termination "Game drawn by stalemate"]

1. e4 c6 2. Nf3 d5 3. Nc3 dxe4 4. Nxe4 Nf6 5. Qe2 Nxe4 6. Qxe4 Nd7 7. Bc4 e6 8. O-O Nf6 9. Qe2 Bd6 10. d4 h6 11.
c3 O-O 12. Bb3 b6 13. Be3 Bb7 14. Rad1 Qc7 15. h3 Rad8 16. Bc1 c5 17. dxc5 Bxc5 18. Rxd8 Rxd8 19. Rd1 Rxd1+ 20. Qxd1 Qd7 21. Ne5 Qxd1+ 22.
Bxd1 Kf8 23. Be2 Ke7 24. Nd3 Bd6 25. Kf1 Ne4 26. Bf3 f5 27. Ke2 Ba6 28. Be3 Nc5 29. Bxc5 Bxc5 30. b4 Bxd3+ 31. Kxd3 Bxf2 32. c4 e5 33.
Bd5 e4+ 34. Ke2 Bd4 35. g4 g6 36. Kd2 Kf6 37. a4 Ke5 38. Bf7 fxg4 39. hxg4 g5 40. a5 bxa5 41. bxa5 Kf4 42. Be6 Kf3 43. Bd5 Kxg4 44. Bxe4 Kf4 45. Bg6 g4 46. Ke2 Kg5 47. Be4 h5 48. Kf1 h4 49. Kg2 Kf4 50. Bd5 h3+ 51. Kh1 Kg3 52. Be6 Bc5 53. a6 Bd6 54. c5 Bxc5 55. Bd5 Kf2 56. Bc6 g3 57. Bb7 Bd6 58. Be4 Ke3 59. Bd5 Kd4 60. Be6 g2+ 61. Kg1 Ke3 62. Bxh3 Kd4 63. Bxg2 Kc5 64. Bb7 Kb6 65.
Kf2 Bc5+ 66. Kf3 Bd6 67. Ke4 Bc5 68. Kd5 Bb4 69. Ke6 Bc5 70. Kd7 Bg1 71. Kc8 Bc5 72. Kd7 Bg1 73. Ke6 Bc5 74. Kd5 Bg1 75. Kc4 Bc5 76. Kd3 Bg1 77. Ke2 Bc5 78. Kf1 Bd4 79.
Ke2 Bc5 80. Kd3 Bd4 81. Kxd4 Kc7 82. Kc5 Kb8 83. Kb5 Kc7 84. Bh1 Kb8 85. Kc5 Kc7 86. Kd5 Kb8 87. Bg2 Kc7 88. Bf1 Kb8 89. Kc6 Ka8 90. Bc4 Kb8 91. Kd7 Ka8 92. Bd5+ Kb8 93. Bb7 1/2-1/2

[Event "*** Titled Tuesday Blitz"]
[Site "Chess.com"]
[Date "2020.11.03"]
[Round "6"]
[White "seorobert1971"]
[Black "Chopper1905"]
[Result "1/2-1/2"]
[WhiteElo "2745"]
[BlackElo "2921"]
[TimeControl "180+1"]
[EndTime "11:12:16 PST"]
[Termination "Game drawn by repetition"]

1. e4 e5 2. Nf3 Nc6 3. Bc4 Bc5 4. c3 Nf6 5. d3 d6 6. a4 a6 7. Nbd2 Ba7 8. Nf1 Be6 9. Bxe6 fxe6 10. Be3 Bxe3 11.
Nxe3 O-O 12. O-O Nh5 13. d4 exd4 14. cxd4 Nf4 15. d5 exd5 16. Nxd5 Kh8 17. Qb3 Rb8 18. Qe3 Ng6 19. b4 Qd7 20. b5 axb5 21. axb5 Nce5 22. Nxe5 Nxe5 23. Qc3 c6 24. bxc6 bxc6 25. Ne3 Ng6 26. Rad1 Nf4 27. Qd2 d5 28. exd5 cxd5 29. Nxd5 Rbd8 30.
Nxf4 Qxd2 31. Rxd2 Rxd2 32. g3 g5 33. Ng2 Kg7 34.
Ne3 Kg6 35. Kg2 h5 36. h3 h4 37. gxh4 gxh4 38. Ng4 Kg5 39. Ra1 Rf5 40. Ra8 Rd6 41. Rg8+ Rg6 42. Rh8 Rg7 43. Ra8 Rb5 44. Rh8 Rb1 45. Rc8 Re7 46. Rc5+ Kf4 47. Rc4+ Re4 48. Rc8 Ree1 49. Rf8+ Kg5 50. Rg8+ Kf5 51. Rf8+ Kg6 52.
Rh8 Rg1+ 53. Kf3 Kg5 54. Rg8+ Kf5 55. Rf8+ Kg6 56. Rh8 Rb3+ 57. Ne3 Rh1 58. Rxh4 Kg5 59. Rh8 Kg6 60. Kg3 Rhb1 61. Rc8 Kg7 62. Rc6 Rb6 63.
Rc7+ Kg6 64. h4 Rg1+ 65. Kf3 Rgb1 66. Rc5 Rf6+ 67. Kg2 Rb2 68. Rg5+ Kf7 69. Ng4 Rf4 70. Kg3 Ra4 71. f3 Raa2 72. Rf5+ Kg6 73. Rf6+ Kg7 74. Rc6 Rg2+ 75. Kf4 Ra4+ 76. Kf5 Ra5+ 77. Ne5 Rh2 78. Rg6+ Kf8 79. Rg4 Re2 80. f4 Rh2 81. Kg5 Kg7 82. Kf5+ Kh7 83. Kf6 Ra6+ 84. Kf5 Ra5 85. Kf6 Ra6+ 86.
Kf5 Ra5 1/2-1/2

[Event "*** Titled Tuesday Blitz"]
[Site "Chess.com"]
[Date "2020.11.03"]
[Round "6"]
[White "Nachsueb"]
[Black "Mikhal867"]
[Result "1-0"]
[WhiteElo "2120"]
[BlackElo "2351"]
[TimeControl "180+1"]
[EndTime "11:12:18 PST"]
[Termination "Nachsueb won on time"]

1. c4 c5 2. Nc3 Nf6 3. g3 d5 4. cxd5 Nxd5 5. Bg2 Nc7 6. d3 e5 7. Nf3 Nc6 8. O-O Be7 9. a4 O-O 10.
a5 f6 11. Qa4 Kh8 12. Bd2 Bd7 13. Rfc1 Na6 14. Qd1 Nxa5 15. Nd5 Nc6 16. Bc3 Nab4 17.
Ne3 Be6 18. Nd2 Nd5 19. Nxd5 Bxd5 20. e4 Be6 21. Nf1 Qd7 22. Ne3 Nb4 23. Bxb4 cxb4 24. Qe2 b6 25. Nd5 Bc5 26. Kf1 f5 27. Qd2 fxe4 28.
dxe4 Bxd5 29. exd5 Rxf2+ 30. Qxf2 Bxf2 31. Kxf2 Rf8+ 32. Kg1 e4 33. Bxe4 Qe7 34. Re1 Qc5+ 35. Kh1 a5 36. Rac1 Qd4 37. b3 a4 38. bxa4 b3 39.
Rb1 b2 40. Bg2 h6 41. Red1 Qe5 42. Rd2 Ra8 43. Rdxb2 Rxa4 44. Rxb6 Ra1 45. Rb8+ Kh7 46. Rb3 Rxb1+ 47. Rxb1 Qd4 48. Rf1 Kg6 49. Re1 h5 50.
Rf1 Kg5 51. h4+ Kg6 52. Kh2 Qd3 53. Rf3 Qd2 54. Rf4 Kh6 55. Re4 Qxd5 56. Rf4 Qd2 57. Rf5 g6 58. Rf3 Kg7 59. Ra3 Qd4 60. Ra6 Kh6 61.
Rc6 Qe5 62. Rc4 Kg7 63. Rc6 g5 64. hxg5 Qxg5 65. Rb6 Qe5 66. Rb7+ Kf6 67. Rb6+ Ke7 68. Rb7+ Kd8 69. Rb4 Qd6 70. Rh4 Qg6 71. Rf4 Qg5 72.
Rh4 1-0

[Event "*** Titled Tuesday Blitz"]
[Site "Chess.com"]
[Date "2020.11.03"]
[Round "6"]
[White "Mazetovic"]
[Black "dropstoneDP"]
[Result "0-1"]
[WhiteElo "2752"]
[BlackElo "2905"]
[TimeControl "180+1"]
[EndTime "11:12:25 PST"]
[Termination "dropstoneDP won on time"]

1. e4 e5 2. Nf3 Nc6 3. Bb5 a6 4. Ba4 Nf6 5. Nc3 Be7 6. Bxc6 dxc6 7. a3 Bd6 8. d4 exd4 9. Qxd4 c5 10. Qd3 Ng4 11. h3 Ne5 12. Nxe5 Bxe5 13. Qxd8+ Kxd8 14. Be3 Bxc3+ 15. bxc3 b6 16. O-O-O+ Bd7 17. f3 Kc8 18. h4 h5 19. Rd5 Be6 20. Rg5 Rh7 21. Rd1 Kb7 22. Bf4 Kc6 23. Bh2 Re8 24. Rd2 f6 25.
Rg3 Rg8 26. f4 Bg4 27. Rgd3 Re8 28. e5 fxe5 29. fxe5 Rhh8 30. Bf4 Rhf8 31. g3 Bf5 32. Re3 Rf7 33. Rde2 Re6 34. Rd2 Rd7 35. Rxd7 Kxd7 36. Re2 Re8 37. Rd2+ Kc6 38. Kb2 Be6 39. Bg5 Bd5 40. Bf4 a5 41. Rd1 Be6 42. Rd2 Rf8 43. Rd1 b5 44. Rd2 Rb8 45. Bg5 Rf8 46. Bf4 Bd5 47. Re2 Re8 48. Rd2 Rb8 49. Re2 Be6 50.
Rd2 b4 51. cxb4 cxb4 52. axb4 Rxb4+ 53. Ka3 Rc4 54. Kb2 Rb4+ 55. Ka3 Rb1 56. Rd3 Ra1+ 57. Kb2 Ra2+ 58. Kb1 Ra4 59. Rc3+ Kd7 60. Kb2 Ra2+ 61.
Kb1 Ra4 62. Kc1 Re4 63. Kb2 c6 64. Ra3 a4 65. Rd3+ Bd5 66. Ka3 Ke6 67. Rc3 Rd4 68. Rc5 Kd7 69. c3 Re4 70. Ra5 Rc4 71. Kb2 Ke6 72. Ra7 g6 73. Rg7 Kf5 74. Ra7 Re4 75. Ka3 c5 76. Rxa4 Re2 77. c4 Be6 78. Ra6 Bxc4 79. Rf6+ Ke4 80. Bd2 Rxd2 81. Rf4+ Kd5 0-1